 Dungeon Crawl Stone Soup version 0.27-a0-323-gbd089401bb (webtiles) character file.

Game seed: 4591936589239165000

124448 lunkers the Earth Mage (level 15, -11/133 HPs)
             Began as a Demigod Earth Elementalist on Feb 10, 2021.
             Shot with a bolt by Vashnia (22 damage)
             ... on level 2 of the Snake Pit.
             The game lasted 01:18:13 (42819 turns).

lunkers the Earth Mage (DgEE)                      Turns: 42819, Time: 01:18:13

Health: -11/133    AC: 11    Str: 11    XL:     15   Next: 92%
Magic:  6/46       EV:  9    Int: 34    God:
Gold:   3571       SH: 12    Dex: 16    Spells: 2/38 levels left

rFire    . . .     SeeInvis .   a - staff of earth
rCold    . . .     Faith    .   J - +0 kite shield {reflect}
rNeg     . . .     Spirit   .   B - +0 troll leather armour
rPois    .         Reflect  +   P - +3 hat of Pondering {ponderous, Will+ MP+10 Int+5}
rElec    .         Harm     .   F - +1 cloak
rCorr    .         Rampage  .   S - +0 pair of gloves
Will     +++..                  M - +0 pair of boots
Stlth    ++........             L - amulet of reflection
HPRegen  0.72/turn              Y - ring of willpower
MPRegen  0.30/turn              G - ring of wizardry

@: studying Translocations, slow
A: high mp 1
a: no special abilities


You were on level 2 of the Snake Pit.
You visited 4 branches of the dungeon, and saw 25 of its levels.

You collected 3796 gold pieces.
You spent 225 gold pieces at shops.

Inventory:

Hand Weapons
 b - a +2 trident of protection
Missiles
 g - 102 poisoned darts
 q - 388 stones
Armour
 B - a +0 troll leather armour (worn)
 F - a +1 cloak (worn)
 J - a +0 kite shield of reflection (worn)
 M - a +0 pair of boots (worn)
 P - the +3 hat of Pondering (worn) {ponderous, Will+ MP+10 Int+5}
   (You took it off Gastronok on level 11 of the Dungeon)

   It affects your intelligence (+5).
   It affects your willpower, your defense against some magical effects.
   It affects your magic capacity (+10).
 S - a +0 pair of gloves (worn)
Magical Staves
 a - a staff of earth (weapon)
Jewellery
 p - a ring of protection from fire
 t - a ring of protection from cold
 G - a ring of wizardry (right hand)
 L - an amulet of reflection (around neck)
 Y - a ring of willpower (left hand)
Wands
 c - a wand of random effects (24)
 w - a wand of polymorph (21)
 y - a wand of iceblast (10)
 H - a wand of paralysis (21)
 K - a wand of flame (80)
 Q - a wand of mindburst (23)
Scrolls
 f - a scroll of enchant armour
 h - 7 scrolls of blinking
 i - 12 scrolls of removedness
 j - 5 scrolls of fear
 l - 9 scrolls of magic mapping
 n - 2 scrolls of enchant weapon
 v - 4 scrolls of fog
 I - a scroll of identify
 N - 2 scrolls of teleportation
 U - a scroll of silence
 V - a scroll of summoning
 W - a scroll of torment
Potions
 d - 5 potions of flight
 e - 8 potions of curing
 k - 4 potions of cancellation
 m - a potion of berserk rage
 o - 5 potions of heal wounds
 r - 3 potions of lignification
 s - 4 potions of brilliance
 u - 7 potions of ambrosia
 z - 4 potions of attraction
 A - a potion of magic
 D - a potion of invisibility
 O - 3 potions of haste
 R - 3 potions of might
Miscellaneous
 C - a phial of floods
 E - a box of beasts
 T - a phantom mirror


   Skills:
 + Level 12.3 Fighting
 - Level 1.7 Dodging
 - Level 1.7 Stealth
 - Level 12.0 Spellcasting
 - Level 5.0 Conjurations
 - Level 0.8 Transmutations
 * Level 19.2 Earth Magic


You had 2 spell levels left.
You knew the following spells:

 Your Spells              Type           Power        Failure   Level
a - Iron Shot             Conj/Erth      50%          9%          6
b - Passwall              Tmut/Erth      77%          1%          2
c - Sandblast             Erth           100%         0%          1
d - Lee's Rapid Deconstr  Erth           61%          1%          5
e - Stone Arrow           Conj/Erth      100%         1%          3
f - Petrify               Tmut/Erth      93%          1%          4
g - Shatter               Erth           61%          95%         9
h - Statue Form           Tmut/Erth      62%          21%         6

Your spell library contained the following spells:

 Spells                   Type           Power        Failure   Level
 Magic Dart               Conj           100%         1%          1
 Searing Ray              Conj           100%         1%          2
 Shock                    Conj/Air       100%         2%          1
 Corona                   Hex            22%          9%          1
 Freeze                   Ice            80%          9%          1
 Corpse Rot               Necr/Air       N/A          12%         2
 Ensorcelled Hibernation  Hex/Ice        40%          12%         2
 Slow                     Hex            20%          12%         2
 Swiftness                Air            20%          12%         2
 Animate Armour           Summ/Erth      100%         1%          4
 Leda's Liquefaction      Hex/Erth       45%          1%          4
 Dazzling Flash           Conj/Hex       74%          9%          3
 Static Discharge         Conj/Air       37%          9%          3
 Bolt of Magma            Conj/Fire/Erth 42%          9%          5
 Confusing Touch          Hex            20%          24%         3
 Frozen Ramparts          Ice            40%          24%         3
 Inner Flame              Hex/Fire       20%          24%         3
 Ozocubu's Armour         Ice            20%          24%         3
 Portal Projectile        Hex/Tloc       40%          24%         3
 Tukima's Dance           Hex            20%          24%         3
 Fulminant Prism          Conj/Hex       18%          26%         4
 Hailstorm                Conj/Ice       37%          26%         4
 Iskenderun's Mystic Bla  Conj/Tloc      37%          26%         4
 Airstrike                Air            10%          58%         4
 Cause Fear               Hex            10%          58%         4
 Summon Ice Beast         Ice/Summ       20%          58%         4
 Lightning Bolt           Conj/Air       18%          58%         5


Dungeon Overview and Level Annotations

Branches:
Dungeon (15/15)            Temple (0/1) D:5            Lair (6/6) D:10
 Shoals (0/4) Lair:4        Snake (2/4) Lair:2        Slime (0/5) Lair:6
    Orc (2/2) D:11            Elf (0/3) Orc:2        Vaults (0/5) D:14
 Depths (0/5) D:15

Shops:
D:12 ?   D:13 :?([!   Orc:1 ?   Orc:2 [:=:(

Annotations:
D:15 exclusion: ice statue
Lair:3 2 transporters, exclusion: oklob plant
Snake:2 Vashnia


Innate Abilities, Weirdness & Mutations

You have an increased reservoir of magic. (+10% MP)


Message History

The naga sharpshooter magically shoots a bolt.
You reflect the bolt off your +0 kite shield of reflection!
Vashnia unwields a +2 dire flail of draining.
Vashnia wields a +0 arbalest.
Vashnia casts a spell.
Vashnia magically shoots a bolt.
You reflect the bolt off your +0 kite shield of reflection!
Unknown command.
Unknown command.
Casting: Iron Shot (dangerous; 9% risk of failure)
Confirm with . or Enter, or press ? or * to list all spells.
Aiming: Iron Shot (dangerous; 9% risk of failure)
Press: ? - help, Shift-Dir - straight line, f/p - naga sharpshooter
Aim: a naga sharpshooter, wielding a +0 arbalest, wearing a +0 robe and quivering bolts (almost dead, 22% to evade)
You feel a surge of power!
The iron shot hits the naga sharpshooter!!!
You kill the naga sharpshooter!
* * * LOW MAGIC WARNING * * *
The naga sharpshooter mumbles some strange words.
The naga sharpshooter magically shoots a bolt.
You reflect the bolt off your +0 kite shield of reflection!
Vashnia shoots a bolt.
The bolt hits you!!
* * * LOW HITPOINT WARNING * * *
Unknown command.
Casting: Iron Shot (dangerous; 9% risk of failure)
Confirm with . or Enter, or press ? or * to list all spells.
You don't know that spell.
Casting: Iron Shot (dangerous; 9% risk of failure)
Confirm with . or Enter, or press ? or * to list all spells.
Aiming: Passwall (safe; 1% risk of failure)
Press: ? - help, Dir - move target A rock wall.
You feel a surge of power!
* * * LOW MAGIC WARNING * * *
Vashnia shoots a bolt.
The bolt hits you!
* * * LOW HITPOINT WARNING * * *
You begin to meditate on the wall.
You continue meditating on the rock.
Vashnia gestures wildly while chanting.
Vashnia magically shoots a bolt.
The bolt hits you!!
You die...

..##.#...#....##.....#...........
###..#...#.....#....##..####.#...
..##.#.###.....#....#..##....#...
..#...N#.#.....#....##.#....##...
.##......#.###....###.......#(...
..#.####.N...#.#..#......)..#[###
......#..N...###.##......[....#
.....##........###.........))####
.....#.....###..@#.>...#####)#..#
....######## #####....##....[....
...## ###.#..÷###.)<. .... . ##.
##..# ..≈≈≈ . .. #.## ..≈S.. ..
### ..≈S≈≈. . ..≈.≈..N ...N≈..^≈


You could see Vashnia and a naga sharpshooter.

Vanquished Creatures
  Gastronok (D:11)
  A fire giant (D:15)
  Louise (D:14)
  Snorg (D:13)
  Josephine (D:13)
  Fannar (D:10)
  Harold (D:7)
  An ice dragon (D:15)
  A naga warrior (Snake:1)
  3 vault guards (D:14)
  A rakshasa (D:13)
  The ghost of Snicker the Spear-Bearer, a journeyman DsDe of Wu Jian (D:12)
  4 boulder beetles
  2 catoblepae
  10 hydras
  An ogre mage (D:15)
  4 centaur warriors
  An anaconda (Snake:1)
  8 two-headed ogres
  11 death yaks
  A deep troll shaman (Lair:6)
  Urug (Orc:1)
  5 orc high priests
  5 naga sharpshooters (Snake:2)
  A shock serpent (Snake:1)
  Sonja (D:12)
  Nergalle (Lair:1)
  A skeletal warrior (D:9)
  2 unseen horrors (D:14)
  4 naga ritualists
  A deep elf pyromancer (D:13)
  9 orc knights
  3 mana vipers
  6 orc sorcerers
  2 ugly things
  4 cyclopes
  A salamander (Snake:2)
  10 elephants
  12 black mambas
  12 cane toads
  4 naga magi
  A gargoyle (D:9)
  12 rime drakes
  A freezing wraith (D:15)
  8 komodo dragons
  3 meliai (D:14)
  7 trolls
  A queen bee (Lair:1)
  10 polar bears
  15 slime creatures
  A hornet (D:12)
  19 blink frogs
  A meliai zombie (D:14)
  Sigmund (D:3)
  A spriggan (D:9)
  A vampire (D:13)
  8 wraiths
  A centaur simulacrum (D:15)
  6 basilisks
  6 wyverns
  47 yaks
  3 shadows
  8 humans (D:14)
  11 steam dragons (Lair:2)
  Edmund (D:6)
  3 vampire mosquitoes (D:12)
  4 wargs
  13 nagas
  A soldier ant (D:14)
  21 water moccasins
  Purgy (D:3)
  26 orc warriors
  5 black bears
  7 ice beasts
  An eye of draining (D:11)
  7 sky beasts
  23 wolves
  A hornet zombie (D:10)
  2 necrophages
  17 ogres
  16 centaurs
  5 phantoms
  3 kobold brigands
  14 bullfrogs
  A wyvern skeleton (D:12)
  4 scorpions
  30 killer bees
  9 wights
  An electric eel (Lair:6)
  A centaur zombie (D:6)
  4 bullfrog zombies
  2 quasits
  8 hounds
  14 orc priests
  11 jellies
  7 centaur skeletons
  8 iguanas
  A bullfrog skeleton (D:13)
  32 orc wizards
  20 worker ants
  A killer bee zombie (D:10)
  2 hound zombies
  4 gnolls
  17 adders
  A river rat (D:5)
  5 white imps
  6 ufetubi
  2 adder skeletons
  4 worms
  A dart slug (D:1)
  10 leopard geckos
  102 orcs
  6 giant cockroaches
  10 goblins
  8 hobgoblins
  15 jackals
  6 quokkas
  A bat (D:1)
  8 frilled lizards
  A giant cockroach zombie (D:6)
  20 kobolds
  3 leopard gecko skeletons
  3 rats
873 creatures vanquished.

Vanquished Creatures (others)
  A human (D:14)
  A wyvern zombie (D:13)
  A hound (D:13)
  An orc wizard (Orc:2)
  A hound skeleton (D:8)
  An adder zombie (D:8)
  2 bushes (Lair:6)
  68 fungi
  93 plants
169 creatures vanquished.

Grand Total: 1042 creatures vanquished

Notes
Turn   | Place    | Note
-------+----------+-------------------------------------------
     0 | D:1      | lunkers the Demigod Earth Elementalist began the quest for
                  | the Orb.
     0 | D:1      | Reached XP level 1. HP: 14/14 MP: 5/5
    10 | D:1      | You fall into a shaft and drop 1 floor!
    51 | D:2      | Reached skill level 3 in Earth Magic
    51 | D:2      | Reached XP level 2. HP: 20/20 MP: 2/7
   680 | D:2      | Reached XP level 3. HP: 26/26 MP: 5/9
  1975 | D:2      | Reached skill level 4 in Earth Magic
  1975 | D:2      | Reached XP level 4. HP: 27/33 MP: 5/10
  2519 | D:3      | Noticed Purgy
  2529 | D:3      | Killed Purgy
  2530 | D:3      | Reached XP level 5. HP: 38/38 MP: 6/12
  2616 | D:3      | Noticed Sigmund
  2623 | D:3      | Killed Sigmund
  2624 | D:3      | Reached skill level 5 in Earth Magic
  2624 | D:3      | Reached XP level 6. HP: 45/45 MP: 7/14
  2946 | D:3      | Found a faded altar of an unknown god.
  3388 | D:3      | Found a sparkling altar of Nemelex Xobeh.
  3768 | D:3      | Reached skill level 6 in Earth Magic
  4145 | D:4      | Learned a level 2 spell: Passwall
  4149 | D:4      | Learned a level 3 spell: Stone Arrow
  4155 | D:4      | Learned a level 5 spell: Lee's Rapid Deconstruction
  4449 | D:4      | Reached XP level 7. HP: 50/50 MP: 6/16
  5338 | D:4      | Reached skill level 7 in Earth Magic
  5683 | D:5      | Entered Level 5 of the Dungeon
  5919 | D:5      | Found a staircase to the Ecumenical Temple.
  6090 | D:5      | Found a snail-covered altar of Cheibriados.
  7057 | D:5      | Reached skill level 5 in Spellcasting
  7057 | D:5      | Reached XP level 8. HP: 53/57 MP: 12/19
  7654 | D:6      | Reached skill level 8 in Earth Magic
  7747 | D:6      | Noticed a troll
  8118 | D:6      | Noticed a green ugly thing
  8130 | D:6      | Killed a green ugly thing
  8131 | D:6      | Reached skill level 9 in Earth Magic
  8467 | D:6      | Noticed Edmund
  8480 | D:6      | Killed Edmund
  8679 | D:6      | Killed a troll
  8680 | D:6      | Reached XP level 9. HP: 20/62 MP: 3/22
  9328 | D:7      | Reached skill level 10 in Earth Magic
  9589 | D:7      | Found an ornate altar of the Wu Jian Council.
  9589 | D:7      | Found a shimmering blue altar of Sif Muna.
  9709 | D:7      | Noticed Harold
  9716 | D:7      | Killed Harold
  9986 | D:7      | Found a white marble altar of Elyvilon.
  9989 | D:7      | Found a broken altar of Ashenzari.
  9990 | D:7      | Found a sacrificial altar of Ru.
 10487 | D:8      | Reached skill level 11 in Earth Magic
 11478 | D:8      | Reached XP level 10. HP: 69/69 MP: 21/25
 12517 | D:9      | Reached skill level 12 in Earth Magic
 13301 | D:9      | Noticed a skeletal warrior
 13319 | D:9      | Killed a skeletal warrior
 14182 | D:10     | Entered Level 10 of the Dungeon
 14201 | D:10     | Noticed a two-headed ogre
 14210 | D:10     | Killed a two-headed ogre
 14442 | D:10     | Found a staircase to the Lair.
 14442 | D:10     | Noticed an elephant
 14459 | D:10     | Reached skill level 13 in Earth Magic
 14478 | D:9      | Killed an elephant
 14479 | D:9      | Reached XP level 11. HP: 43/74 MP: 1/28
 14757 | D:10     | Noticed a two-headed ogre
 14770 | D:10     | Killed a two-headed ogre
 15278 | D:10     | Noticed Fannar
 15289 | D:10     | Killed Fannar
 15736 | D:11     | Noticed Gastronok
 15879 | D:11     | Killed Gastronok
 15880 | D:11     | Reached skill level 14 in Earth Magic
 16205 | D:11     | Found an ornate altar of the Wu Jian Council.
 16216 | D:11     | Found a broken altar of Ashenzari.
 16497 | D:11     | Found a staircase to the Orcish Mines.
 16608 | D:11     | Identified 2 scrolls of acquirement
 16608 | D:11     | Acquired lunkers's Guide on Earthen Feathers
 16621 | D:11     | Learned a level 6 spell: Iron Shot
 16621 | D:11     | Acquired an uncursed staff of earth
 16635 | D:11     | Learned a level 4 spell: Petrify
 16947 | Lair:1   | Entered Level 1 of the Lair of Beasts
 17057 | Lair:1   | Reached skill level 1 in Fighting
 17385 | Lair:1   | Reached skill level 1 in Conjurations
 17860 | Lair:1   | Noticed an eight-headed hydra
 17873 | Lair:1   | Killed an eight-headed hydra
 17874 | Lair:1   | Reached skill level 10 in Spellcasting
 18141 | Lair:1   | Reached XP level 12. HP: 85/85 MP: 30/30
 18412 | Lair:1   | Noticed Nergalle
 18416 | Lair:1   | Killed Nergalle
 18714 | Lair:2   | Found a staircase to the Snake Pit.
 19158 | Lair:2   | Reached skill level 15 in Earth Magic
 19277 | Lair:2   | Upgraded the game from 0.27-a0-291-gd9602db6ee to
                  | 0.27-a0-323-gbd089401bb
 19731 | Lair:2   | Noticed a five-headed hydra
 19755 | Lair:2   | Killed a five-headed hydra
 21143 | Lair:3   | Noticed a six-headed hydra
 21148 | Lair:3   | Killed a six-headed hydra
 21149 | Lair:3   | Reached skill level 5 in Fighting
 21520 | Lair:3   | Found a transporter.
 21634 | Lair:3   | Found a transporter.
 22164 | Lair:3   | Found a blossoming altar of Fedhas.
 22419 | Lair:4   | Reached XP level 13. HP: 90/101 MP: 32/32
 23272 | Lair:4   | Found a staircase to the Shoals.
 23884 | Lair:5   | Reached skill level 5 in Conjurations
 25085 | Lair:6   | Entered Level 6 of the Lair of Beasts
 25102 | Lair:6   | Found a staircase to the Slime Pits.
 25485 | Lair:6   | Reached skill level 16 in Earth Magic
 28250 | Lair:5   | Reached XP level 14. HP: 99/116 MP: 32/34
 28680 | Lair:6   | Acquired 458 gold pieces
 28920 | Orc:1    | Entered Level 1 of the Orcish Mines
 29220 | D:11     | Learned a level 9 spell: Shatter
 29227 | D:11     | Learned a level 6 spell: Statue Form
 29306 | Orc:1    | Found Jeeliocw's Magic Scroll Shop.
 29534 | Orc:2    | Entered Level 2 of the Orcish Mines
 29534 | Orc:2    | Found a staircase to the Elven Halls.
 30225 | Orc:2    | Paralysed by an orc sorcerer for 6 turns
 30349 | Orc:2    | Found Qyaph's Weapon Shoppe.
 30354 | Orc:2    | Found a roughly hewn altar of Beogh.
 31364 | Orc:1    | Noticed Urug
 31376 | Orc:1    | Killed Urug
 31771 | Orc:1    | Found a bloodstained altar of Trog.
 31935 | Orc:1    | Reached skill level 17 in Earth Magic
 33408 | Orc:2    | Reached skill level 10 in Fighting
 34290 | Orc:2    | Found Imehum's Book Boutique.
 34290 | Orc:2    | Found Upyledu's Antique Armour Shoppe.
 34292 | Orc:2    | Found Verygh's Book Boutique.
 34292 | Orc:2    | Found Jeku's Jewellery Shoppe.
 34455 | D:12     | Noticed Sonja
 34457 | D:12     | Killed Sonja
 34883 | D:12     | Found a runed translucent gate.
 34884 | D:12     | Found a runed translucent gate.
 34884 | D:12     | Found a runed translucent gate.
 34885 | D:12     | Noticed Snicker's ghost (journeyman DsDe)
 34888 | D:12     | Found a viscous altar of Jiyva.
 35911 | D:12     | Found Wugrarog's Magic Scroll Emporium.
 36122 | D:12     | Killed Snicker's ghost
 36141 | D:12     | Got a transparent marble ring
 36147 | D:12     | Identified the ring "Zuadd" {rF+ Int-2 Dex+5} (You found it
                  | on level 12 of the Dungeon)
 36528 | D:13     | Noticed Josephine
 36582 | D:13     | Killed Josephine
 36730 | D:13     | Found Olyaden's Antique Armour Emporium.
 36734 | D:13     | Found Baphet's Distillery.
 36740 | D:13     | Bought an embroidered cloak for 225 gold pieces
 36800 | D:13     | Reached XP level 15. HP: 128/128 MP: 33/36
 36896 | D:13     | Noticed Snorg
 36912 | D:13     | Killed Snorg
 36937 | D:13     | Found Tirite's Weapon Boutique.
 36999 | D:13     | Acquired 598 gold pieces
 37398 | D:13     | You fall into a shaft and drop 2 floors!
 37398 | D:15     | Entered Level 15 of the Dungeon
 37505 | D:15     | Reached skill level 18 in Earth Magic
 38209 | D:15     | Found a staircase to the Depths.
 38209 | D:15     | Noticed a fire giant
 38216 | D:15     | Killed a fire giant
 39306 | D:13     | Found Bitil's Book Boutique.
 39432 | D:13     | Found Sikaen's Magic Scroll Shoppe.
 39651 | D:14     | Noticed Louise
 39657 | D:14     | Killed Louise
 40520 | D:14     | Found a gate to the Vaults.
 40804 | Snake:1  | Entered Level 1 of the Snake Pit
 41508 | Snake:1  | Reached skill level 19 in Earth Magic
 42790 | Snake:2  | Noticed Vashnia
 42819 | Snake:2  | Shot with a bolt by Vashnia

Illustrated notes

Levels and vault maps discovered:
D:1:      lightli_iron_boxes, layout_loops_ring
D:2:      layout_basic, st_stairs_12
D:3:      layout_basic, chequers_ecumenical_altar_island,
          nemelex_spade_bored_becter, uniq_sigmund, uniq_purgy
D:4:      layout_gridville, lexackson_kobold_supper
D:5:      layout_loops_corners, cheibrodos_worm_habitat,
          minmay_temple_entry_crystal_x, gup_sewer_entry_bowl,
          nrook_pool_corridor
D:6:      cheibrodos_fzero, layout_rooms, uniq_edmund
D:7:      layout_gridville, grunt_temple_overflow_open,
          gammafunk_temple_overflow_pools, kennysheep_path_1, uniq_harold
D:8:      layout_loops_corners, lemuel_flamethrower_2
D:9:      wad_arrow_thing, layout_long_grid, the_bakery
D:10:     layout_rooms, david_lair_generic, serial_corexii_hall,
          corexii_hall_statues_x, chequers_hall_statues_y,
          corexii_hall_statues_l, uniq_fannar
D:11:     layout_roguey, orc_0_dummy, basic_altar, nicolae_ashenzari_panopticon,
          uniq_gastronok
D:12:     layout_loops_ring, serial_shops, kennysheep_little_box,
          gammafunk_ghost_ooze, uniq_sonja
D:13:     layout_rooms, serial_shops, kennysheep_mini_moat, shop,
          nicolae_shop_overgrown_old_shop, shop, kennysheep_mini,
          lemuel_another_geyser, uniq_josephine, uniq_snorg
D:14:     layout_cave_pools, ximxim_vaults_locker_room, uniq_louise
D:15:     grunt_enter_depths_giant_problem, layout_stronghold, serial_shops,
          nicolae_shop_stone, abandoned_shop, minmay_crystal_room, ice2_lemuel
Lair:1:   layout_cave_pods, special_room [special_room_bee], uniq_nergalle
Lair:2:   layout_chaotic_city, guppyfry_snake_entry_island, st_stairs_9,
          bobbens_dragon_lair_wall
Lair:3:   gammafunk_cloud_chamber, layout_loops_ring, tgw_fedhas
Lair:4:   layout_small_grid, elwin_shoals_entry_rocks
Lair:5:   layout_cellular_growth, cheibrodos_lair_lostbears
Lair:6:   grunt_lair_end_beastmaster, layout_regular_city,
          minmay_slime_entry_pillars, grunt_megastairs_2,
          infiniplex_staircase_pool
Snake:1:  layout_onion
Snake:2:  cheibrodos_snake_ritualist_ritual, layout_honeycomb, minmay_shop_star,
          serial_bayou_shore_b, uniq_aizul, uniq_vashnia, uniq_azrael
Orc:1:    cheibrodos_orc_bank, layout_diamond_mine, serial_shops,
          nicolae_shop_waterfront, trog_butcher_becter, uniq_urug
Orc:2:    grunt_orc_tribal_feast, layout_caves, basic_altar, serial_shops, shop

Skill      XL: |  1  2  3  4  5  6  7  8  9 10 11 12 13 14 15 |
---------------+----------------------------------------------+-----
Spellcasting   | 2 3 4 5 6 7 8 10 11 12 | 12.0
Earth Magic    | 3 4 5 6 7 9 11 13 14 15 16 17 19 | 19.2
Fighting       | 2 5 8 10 12 | 12.3
Conjurations   | 1 4 5 |  5.0
Dodging        | |  1.7
Stealth        | |  1.7
Transmutations | |  0.8

Action                   |  1- 3 |  4- 6 |  7- 9 | 10-12 | 13-15 || total
-------------------------+-------+-------+-------+-------+-------++-------
Melee: Unarmed           |     1 |       |       |       |       ||     1
       Trident           |       |     3 |    13 |    23 |       ||    39
       Staff             |       |       |       |    17 |   139 ||   156
 Cast: Sandblast         |    54 |    67 |     7 |    24 |    89 ||   241
       Stone Arrow       |       |    10 |   185 |   461 |   473 ||  1129
       Lee's Rapid Decon |       |       |       |    10 |    18 ||    28
       Iron Shot         |       |       |       |       |   358 ||   358
       Passwall          |       |       |       |       |     4 ||     4
       Petrify           |       |       |       |       |     3 ||     3
       Statue Form       |       |       |       |       |     2 ||     2
Evoke: Wand              |       |       |       |       |     4 ||     4
       Phial of floods   |       |       |       |       |     1 ||     1
  Use: Scroll            |       |       |     8 |    20 |    17 ||    45
       Potion            |       |       |       |     1 |     6 ||     7
Armor: Robe              |       |     6 |     9 |       |       ||    15
       Troll leather arm |       |       |     5 |    89 |   246 ||   340
Dodge: Dodged            |    12 |    26 |    42 |    87 |   297 ||   464
Block: Kite shield       |       |       |       |   139 |   333 ||   472
       Reflection        |       |       |       |     3 |    21 ||    24
       Other             |       |       |       |       |    58 ||    58

Table legend: (Time is in decaauts)
 A = Elapsed time spent in this place.
 B = Non-inter-level travel time spent in this place.
 C = Inter-level travel time spent in this place.
 D = Time resting spent in this place.
 E = Time spent auto-exploring this place.
 F = Levels seen in this place.
 G = Mean time per level.
                   A        B        C        D        E       F      G
               +--------+--------+--------+--------+--------+-----+--------+
         Total |  44119 |  43024 |   1095 |   6441 |  30340 |  25 | 1764.8 |
       Dungeon |  24190 |  23681 |    509 |   3672 |  17080 |  15 | 1612.7 |
          Lair |  12629 |  12226 |    403 |   1457 |   8679 |   6 | 2104.8 |
     Snake Pit |   2087 |   2052 |     35 |    377 |   1438 |   2 | 1043.5 |
  Orcish Mines |   5211 |   5064 |    147 |    934 |   3140 |   2 | 2605.5 |
               +--------+--------+--------+--------+--------+-----+--------+

Top non-repeatable levels by time:
   Orc:1: 3192 daAuts
  Lair:6: 3029 daAuts
  Lair:2: 2534 daAuts
     D:5: 2336 daAuts
     D:9: 2142 daAuts
   Orc:2: 2019 daAuts
  Lair:1: 1945 daAuts
    D:12: 1933 daAuts
  Lair:5: 1921 daAuts
    D:11: 1899 daAuts
     D:8: 1839 daAuts
  Lair:4: 1752 daAuts
    D:13: 1670 daAuts
     D:3: 1664 daAuts
 Snake:1: 1657 daAuts
